[Event "Rapid Shavuot-A 2023"]
[Site "Ramat Gan"]
[Date "2023.05.25"]
[Round "2.12"]
[White "Hasson Shreger, Shalev"]
[Black "Kochavi, Ori"]
[Result "0-1"]
[ECO "A16"]
[WhiteElo "1899"]
[BlackElo "2423"]
[Annotator "TA"]
[PlyCount "74"]
[EventDate "2023.05.19"]
[EventType "swiss"]
[EventCountry "ISR"]
[SourceTitle "playchess.com"]
[Source "ChessBase"]
[SourceQuality "1"]
[TimeControl "900+5"]

1. e4 c6 2. c4 d5 3. cxd5 cxd5 4. exd5 Nf6 5. Nc3 g6 6. g3 Bg7 7. Bg2 O-O 8. Nge2 Na6 {[%emt 0:00:14] A16: English Opening: 1...Nf6 with ...d5.} 9. d4 Nb4 {[%emt 0:00:35] [#]} 10. Bg5 $146 (10. O-O $5 ) ({Predecessor:} 10. O-O Nbxd5 11. Re1 b6 12. Nf4 Bb7 13. Qb3 e6 14. Nd3 Rb8 15. Ne5 Ne7 16. Bg5 Bxg2 17. Kxg2 {0-1 Matinian,N (2435)-Yen,W (2056) Titled Tuesday intern op 06th Sep Early blitz 2022 (4)}) 10... Nbxd5 {[%emt 0:00:12] The position is equal.} 11. Bxf6 Nxf6 12. O-O Rb8 13. a4 b6 (13... h5 $15) 14. b4 Bb7 15. Bxb7 Rxb7 16. a5 b5 17. a6 Rb6 18. Qb3 Qd7 19. Rfd1 Bh6 ({Black should play} 19... Rc8 $17) 20. f4 {[%emt 0:02:01] This costs White the game.} ({Better is} 20. d5 $1 $15) 20... Bg7 $19 ({Not} 20... Qh3 21. Ra2 $17) 21. Qb1 Qh3 {[%emt 0:01:03] ...Ng4 is the strong threat.} 22. Nc1 $2 (22. Qd3) 22... Ng4 23. Ra2 Ne3 {[%emt 0:00:37][%cal Og7d4] aiming for ...Bxd4!} 24. Nb3 Nxd1 25. Qxd1 Rd8 26. Ne4 Re6 (26... Qe6 $142 27. Re2 Qc4) 27. Nec5 {[%emt 0:01:23] [#]} (27. Ng5 Qf5 28. Nxe6 Qxe6 29. Re2 Qxa6 30. Rxe7) 27... Bxd4+ $1 {[%emt 0:00:24][%mdl 512] Black is clearly winning.} 28. Nxd4 {[%emt 0:00:00] [#]} Rxd4 $1 {[%emt 0:00:02][%mdl 576] Double Attack} 29. Rd2 Rxd2 30. Qxd2 {[%emt 0:00:00][%mdl 4096] Endgame KQR-KQN} Rd6 31. Qe2 Rd4 {[%emt 0:00:21] Threatens to win with ...Qf5.} 32. Nd3 Qd7 33. Nf2 Rxb4 {[%emt 0:00:06] And now ...Rb1+ would win.} 34. Qe5 Rb1+ 35. Kg2 Qc6+ 36. Kh3 Qe6+ 37. Qxe6 fxe6 {[%emt 0:00:01] Weighted Error Value: White=0.88/Black=0.24 (precise)} 0-1

[Event "Rapid Shavuot-A 2023"]
[Site "Ramat Gan"]
[Date "2023.05.25"]
[Round "2.13"]
[White "Zakin, Ilay"]
[Black "Iliaguev, Nisim"]
[Result "0-1"]
[ECO "B15"]
[WhiteElo "1724"]
[BlackElo "2402"]
[Annotator "TA"]
[PlyCount "104"]
[EventDate "2023.05.19"]
[EventType "swiss"]
[EventCountry "ISR"]
[SourceTitle "playchess.com"]
[Source "ChessBase"]
[SourceQuality "1"]
[TimeControl "900+5"]

1. e4 c6 2. d4 d5 3. Nc3 dxe4 4. Nxe4 Nf6 5. Nxf6+ exf6 6. c3 Bd6 7. Bd3 O-O 8. Qc2 Re8+ 9. Ne2 h6 10. Be3 Nd7 $1 {The main line 10...Nd7 scores better than 10...Be6.} 11. O-O-O {[%emt 0:00:00] B15: Caro-Kann: 3 Nc3: 3...g6 and 3...dxe4 4 Nxe4 Nf6 5 Nxf6+ exf6.} Nf8 12. Kb1 Bg4 13. h3 {[#] The position is equal.} Bxe2 $146 (13... Be6 $11) ({Predecessor:} 13... Bh5 14. g4 Bg6 15. Bf5 Qc7 16. h4 Rad8 17. c4 Qd7 18. d5 cxd5 19. Rxd5 Bxf5 20. gxf5 {1-0 Richter,G (2085)-Hohn,A (1908) Berlin Kreuzberg op 2015 (7)}) 14. Qxe2 Bf4 $1 15. Qf3 (15. h4 {feels hotter.} Qd5 16. Rhg1 Rad8 17. g3) 15... Bxe3 16. fxe3 a5 17. g4 a4 18. h4 a3 19. b3 Qa5 (19... Ne6 $14 {is more appropriate.}) 20. b4 Qd5 21. e4 $1 Qd8 {[%emt 0:14:29] [#]} (21... Qe6 $16) 22. g5 $1 $18 fxg5 23. hxg5 Qxg5 24. Rdg1 $2 (24. Rhg1 $18 Qh4 25. Rdf1) 24... Qd2 $11 25. Bc2 {[%emt 0:00:00] Hoping for Rg2.} Ng6 $2 (25... Rxe4 $1 $11 {and Black stays safe.} 26. Qxe4 Qxc3 27. Rxg7+ {[%mdl 64] Decoy} Kxg7 28. Qe5+ Kg8 29. Rg1+ Ng6 30. Rxg6+ fxg6 31. Qe6+ Kf8 32. Qd6+ Kg8 33. Qxg6+ Kf8 34. Qf6+ Kg8 35. Qg6+ (35. Bb3+ Kh7 $11) 35... Kf8 36. Qf6+ Kg8 37. Bb3+ Kh7 38. Qf7+ Kh8 39. Qf6+ Kh7 40. Qf7+ Kh8 41. Qf6+ Kh7) 26. Rf1 $18 f5 (26... Rf8 27. Rhg1 Qh2) 27. Rf2 ({Stronger than} 27. Qxf5 Qxc3 28. Qf7+ Kh8 $11) (27. exf5 Nf4 28. Rd1 (28. Qxf4 Re1+ {[%mdl 64] Deflection} 29. Rxe1 Qxf4 $17) (28. f6 Re2 $11) 28... Qe3 29. Bb3+ Kf8 $11) (27. Qg3 $142 Rxe4 28. Qxg6) 27... Qg5 28. exf5 ({Don't take} 28. Qxf5 Qxf5 29. exf5 Nh8) (28. Qh3 $18) 28... Re3 $1 $11 29. Qd1 Nf4 {[%emt 0:00:00] ...Rae8 would be deadly.} 30. Rg1 (30. Bb3+ $1 $15 Nd5 31. Qc1) 30... Rg3 {[%emt 0:00:00] Black has more active pieces.} (30... Qh4 $17 31. Qd2 Rae8) 31. Rxg3 $1 $15 Qxg3 32. Bb3+ {[%emt 0:00:09] [#]} (32. Rf3 $11 Qh4 33. Bb3+ Nd5 34. Qe2) 32... Kh8 (32... Nd5 $1 $17 33. Qd2 Kh7 34. Bxd5 Qg1+ 35. Kc2 cxd5) 33. Rf3 (33. Qf3 $11 {and White has nothing to worry.} Qxf3 34. Rxf3) 33... Qg2 $40 {[%emt 0:00:00][%csl Ga3][%cal Rg2b2][%mdl 128] White is in trouble.} 34. Bc2 Nd5 {[%emt 0:00:00] aiming for ...Re8.} 35. f6 Nxf6 ({Not} 35... gxf6 36. Qd3 Qg1+ 37. Rf1 $15) 36. Qd3 $2 {[%emt 0:00:02] [#]} (36. Qf1 $17 Qxf1+ 37. Rxf1) 36... Ne4 (36... Re8 $142 $1 {[%mdl 512] ( -> ...Re1+)} 37. Rf1 Re2) 37. Re3 (37. Kc1 Re8 38. Re3) 37... Qg1+ $19 38. Bd1 {[%emt 0:00:03] [#]} Nxc3+ $1 {[%emt 0:00:06][%mdl 576] Deflection} 39. Qxc3 {[%emt 0:00:08] Threatens to win with Re1.} Qxd1+ {[%emt 0:00:01][%mdl 4096] Endgame KQR-KQR} 40. Qc1 Qxd4 41. Rxa3 Qxb4+ 42. Rb3 Qe4+ 43. Ka1 Qe5+ 44. Kb1 Rf8 {[%emt 0:00:13] Strongly threatening ...Rf2.} 45. a4 Qe4+ {[%emt 0:00:02] Black mates.} 46. Ka2 Qxa4+ 47. Ra3 Rf2+ 48. Ka1 Qd4+ 49. Kb1 Qe4+ 50. Ka1 Qe5+ 51. Kb1 Qf5+ 52. Ka1 Rf1 {[%emt 0:00:01] Quite a comeback for Black.   Weighted Error Value: White=0.84/Black=0.50} 0-1

[Event "Rapid Shavuot-A 2023"]
[Site "Ramat Gan"]
[Date "2023.05.25"]
[Round "2.14"]
[White "Adar, Idan"]
[Black "Mordechai, Hanan"]
[Result "0-1"]
[ECO "D45"]
[WhiteElo "2085"]
[BlackElo "2366"]
[Annotator "TA"]
[PlyCount "126"]
[EventDate "2023.05.19"]
[EventType "swiss"]
[EventCountry "ISR"]
[SourceTitle "playchess.com"]
[Source "ChessBase"]
[SourceQuality "1"]
[TimeControl "900+5"]

1. d4 d5 2. c4 c6 3. Nc3 Nf6 4. e3 e6 5. Nf3 Nbd7 6. Qc2 Bd6 7. g4 h6 8. Rg1 {[%emt 0:00:04] 8.Rg1 scores better than 8.Bd2.} dxc4 {[%emt 0:00:07] D45: Semi-Slav: 5 e3.} 9. Bxc4 b5 10. Be2 Bb7 {[%emt 0:00:35] The position is equal.} 11. g5 (11. e4 $11 {keeps the balance.} e5 12. h4) 11... hxg5 $17 {[%emt 0:00:05] [#]} 12. Nxg5 $146 ({Predecessor:} 12. Rxg5 Rc8 13. Rxg7 Kf8 14. Rg1 b4 15. Ne4 Nxe4 16. Qxe4 Nf6 17. Qd3 c5 18. b3 {½-½ Schoppen,C (2464)-Van Wely,L (2604) Hilversum op 2019 (4)}) 12... Qe7 13. Nge4 Rxh2 (13... b4 $17 14. Nxf6+ Nxf6) 14. Rxg7 (14. Nxd6+ $11 {and White has nothing to worry.} Qxd6 15. Bd2) 14... Rh1+ $19 15. Bf1 b4 (15... Kf8 $1 $19 16. Rg5 c5) 16. Nxd6+ Qxd6 17. Ne2 ({Don't play} 17. Ne4 Qf8 18. Nxf6+ Nxf6 $17) 17... Kf8 18. Rg5 Rc8 ({Black should try} 18... Ba6 $17 19. Rg1 Rxg1 20. Nxg1 Bxf1 21. Kxf1 c5) 19. Bd2 (19. e4 $14 Qh2 20. Qd3 (20. Ng3 Ba6 $17)) 19... c5 $17 20. Rc1 $2 (20. Ng3 $17 Rg1 21. f4) 20... Ne4 21. Rg1 Rxg1 22. Nxg1 cxd4 {[%emt 0:00:22][%mdl 64] Discovered Attack} 23. Qd1 (23. Qxc8+ $142 Bxc8 24. Rxc8+ Kg7 25. Nf3) 23... Rxc1 $19 24. Bxc1 Qh2 25. Nh3 e5 $2 ({Black should play} 25... Qh1 $19 {White must now prevent ...Ba6.} 26. Qe2 d3 27. Qxd3 Nec5 28. Qd6+ Ke8) 26. exd4 $11 Qh1 $40 {[%emt 0:00:18][%mdl 128] Black has some attack.} 27. Qe2 {[%emt 0:00:08] Inhibits Ba6.} exd4 {[%emt 0:00:09] Threatens to win with ...Ne5.} 28. Bf4 {[%emt 0:00:06] Wards off Ne5} (28. f3 $11 {remains equal.} d3 29. Qxd3) 28... Ndc5 $1 $17 29. f3 Ba6 {[%emt 0:00:10] Black has more active pieces.} 30. Qg2 Nd3+ 31. Kd1 {[%emt 0:00:06] [#]} Nxb2+ $1 {[%emt 0:00:13][%mdl 576] Deflection. Excellent horsemanship.} 32. Kc2 Qxf1 33. Qxf1 Bxf1 34. fxe4 {[%emt 0:00:03][%mdl 4096] Endgame KBN-KBN} Nc4 35. Nf2 (35. Kb3 $17) 35... Ke7 36. Nd3 a5 37. Nc5 Kf6 38. Nb3 Ke6 (38... d3+ $19 {is more deadly.} 39. Kc1 Bg2) 39. Nxd4+ {[%emt 0:00:02] [#]} Kd7 $1 40. Kb3 {[%emt 0:00:06] [#]} Nb6 $1 41. Nf5 (41. Kc2 $17) 41... Bc4+ $19 42. Kb2 Na4+ 43. Ka1 Nc3 44. Be5 (44. a3 {was necessary.}) 44... Nxe4 {[%emt 0:00:06] And now ...Ke6 would win.} (44... Nxa2 $2 {loses.} 45. Nd6 Be6 46. Nb7 $19) 45. Ne3 Be6 46. Kb2 Kc6 47. a3 b3 48. a4 Kc5 49. Bc3 (49. Ka3 $19) 49... Nxc3 50. Kxc3 {[%emt 0:00:01] KB-KN} f5 $2 (50... f6 {mates} 51. Ng2 Kd6 52. Nf4 f5 53. Ng6 Bd5 54. Nf4 Ke5 55. Ne2 f4 56. Ng1 Ke4 57. Ne2 Ke3 58. Nd4 f3 59. Nxf3 Kxf3 60. Kd3 Kf4 61. Kd2 Ke4 62. Kc3 Ke3 63. Kb2 Kd3 64. Ka3 Kc4 65. Kb2 Kb4 66. Kc1 Kc3 67. Kd1 b2 68. Ke2 b1=Q 69. Kf2 Qd3 70. Ke1 Qd2+ 71. Kf1 Kd3 72. Kg1 Qg2#) 51. Ng2 $2 (51. Nxf5 $11 Bxf5 52. Kxb3) 51... Kd6 52. Nf4 Bf7 53. Nd3 Bg8 {[%emt 0:00:05] ( -> ...Bf7)} 54. Nf4 Ke5 {[%emt 0:00:03] Black mates.} 55. Nd3+ Ke4 56. Nc5+ Ke3 57. Nd3 f4 58. Nxf4 Kxf4 {[%emt 0:00:02] KB-KP} 59. Kb2 Ke3 60. Ka3 Kd4 61. Kb2 Kc4 62. Ka3 Bf7 63. Kb2 Kb4 {[%emt 0:00:00] Artfully played by Mordechai.   Weighted Error Value: White=0.69/Black=0.39} 0-1

[Event "Rapid Shavuot-A 2023"]
[Site "Ramat Gan"]
[Date "2023.05.25"]
[Round "2.15"]
[White "Sherman, Reem"]
[Black "Duchan, Yoav"]
[Result "1-0"]
[ECO "B76"]
[WhiteElo "2306"]
[BlackElo "1906"]
[Annotator "TA"]
[PlyCount "182"]
[EventDate "2023.05.19"]
[EventType "swiss"]
[EventCountry "ISR"]
[SourceTitle "playchess.com"]
[Source "ChessBase"]
[SourceQuality "1"]
[TimeControl "900+5"]

1. e4 c5 2. Nf3 Nc6 3. d4 cxd4 4. Nxd4 d6 5. Nc3 g6 6. Be3 Bg7 7. f3 Nf6 8. Qd2 O-O 9. O-O-O d5 10. Qe1 e5 11. Nxc6 bxc6 12. exd5 cxd5 13. Bg5 {[%emt 0:00:51][%cal Oc3d5] Nxd5! is the strong threat. White is more active.} Qe8 {[%emt 0:03:02] B76: Sicilian Dragon: Yugoslav Attack, 9 g4 and 9 0-0-0.} (13... Be6 $14) 14. Bxf6 $1 $16 (14. Nxd5 $6 Nxd5 15. Rxd5 Qc6 $11) 14... Bxf6 15. Nxd5 {[%emt 0:00:04] [#]} Bg5+ $146 (15... Bg7 $16 {is a better defense.}) ({Predecessor:} 15... Bg7 16. Nc7 Qa4 17. Nxa8 Bf5 18. Qc3 Qxa2 19. Kd2 Rc8 20. Nc7 e4 21. Qa3 Rd8+ {1-0 Morona Minguez,M (1838)-Greciano Reiskila,M (1970) Collado Villalba op-A 27th 2010 (7)}) 16. Kb1 $18 Bf5 17. g4 Be6 18. Bc4 (18. Qxe5 Bxd5 19. Rxd5 (19. Qxd5 $2 Rd8 $17 {[%mdl 64] Skewer}) 19... Qxe5 20. Rxe5 Rae8) (18. Nc7 $1 $18 Qa4 19. Nxe6 (19. Qxe5 $2 Qxa2#) 19... fxe6 20. Qxe5) 18... Qc6 (18... Bxd5 $16 19. Bxd5 (19. Rxd5 Bf4 $16) 19... Rb8) 19. Qxe5 Qxc4 20. Qxg5 Rac8 21. c3 $2 (21. Nc3 $1 $18) 21... f6 $2 {[%emt 0:01:04][%mdl 8192] [#]} 22. b3 $1 fxg5 $11 23. bxc4 Rxc4 24. Kb2 (24. Rhe1 $11 Bxd5 25. Rxd5) 24... Rxf3 $17 25. Rhe1 Bxd5 (25... Bxg4 26. Kb3 Rc5 27. Kb4 $16) (25... Bf7 $17 {...Rf2+ would be deadly.} 26. Rd2 Rxg4) 26. Rxd5 $15 Rxg4 $17 {[%emt 0:00:09][%mdl 4096] Endgame KRR-KRR} 27. Re2 {[%emt 0:01:12] Against Rg2} h5 28. Kb3 (28. Rd6 $11) 28... h4 (28... Rg1 $1 $17) 29. Re6 $11 Kg7 {[%emt 0:01:11] Threatens to win with ...Kh6.} 30. Rdd6 h3 31. Ra6 Rg2 32. Rxg6+ (32. Rxa7+ $2 Kh6 33. Ra8 (33. Ree7 $2 g4 $19) 33... Rxh2 $19) 32... Kf7 33. Rgc6 g4 (33... Rxh2 34. Rxa7+ Kg8 35. Rg6+ Kf8 36. Rxg5 $14) 34. Rxa7+ Kg8 35. Rg6+ Kf8 36. Rh6 Kg8 {[%emt 0:00:03] Inhibits Rh8+.} 37. a4 Rxh2 ({Black should play} 37... Rf7 $11 38. Rxf7 {[%mdl 64] Remove Defender} Kxf7) 38. Rg6+ $14 Kf8 39. Rxg4 Rg2 $2 (39... Rh1 $14 40. Rh4 Rf7 41. Rxf7+ Kxf7) 40. Rh4 $18 {[%emt 0:00:06] Black must now prevent Rh8+.} Kg8 {[%emt 0:00:08] Against Rh8+} 41. a5 Rgg3 $2 (41... Rg5 42. Kb4 Rg1) 42. Rc7 Rf5 43. Kb4 (43. a6 $142 Rf8 44. Rch7 Rb8+ 45. Ka4) 43... Rg1 44. Rxh3 (44. a6 $142 Ra1 45. a7 (45. Rxh3 Rxa6 46. c4 Rb6+ 47. Kc3 Ra6 $16)) 44... Rb1+ 45. Kc4 {[%emt 0:00:02] aiming for a6.} Rxa5 46. Rd3 Rb8 {[%emt 0:00:06] Dodges Rd8+} 47. Rdd7 Rg5 {[%emt 0:00:03] Wards off Rg7+} 48. Re7 Kf8 49. Rh7 {[%emt 0:00:02] And now Rh8+ would win.} Kg8 {[%emt 0:00:06] Prevents Rh8+.} 50. Kd4 Rd8+ 51. Ke4 $2 (51. Rhd7 $1 $18 Rxd7+ 52. Rxd7) 51... Rg4+ 52. Kf5 Rg1 53. c4 Rf1+ 54. Ke4 {[%emt 0:00:04] Hoping for Rcg7+.} Re1+ 55. Kf3 Rc1 56. Rh4 Rc2 57. Re4 Rc3+ 58. Kf4 Rc1 59. c5 Kf8 60. Rh7 Kg8 {[%emt 0:00:03] Against Rh8+} 61. Rh5 Rc8 62. Ree5 ({Much less strong is} 62. Rg5+ $6 Kf7 $16) 62... Rc4+ 63. Ke3 Rc1 64. Ref5 Kg7 65. Rhg5+ Kh6 66. Kd4 Rd8+ 67. Ke3 Rc8 68. Rd5 Re8+ 69. Rge5 Rc8 $1 70. Kd2 Rc4 $1 71. Kd3 Rc1 $1 72. Rg5 Re8 $2 {[%emt 0:00:10] [#] Black is now going downhill.} ({Black should try} 72... Rc7 $1 $11) 73. Rg2 $1 $16 {[%emt 0:00:12] Strongly threatening Rd6+.} Rc8 $2 {[%emt 0:00:08][%mdl 8192] [#]} (73... Ra8 $16 74. Rb2 Kg7 75. Rb7+ Kf6) 74. Rc2 $1 $18 Rd1+ (74... Ra1 $142 75. Rd6+ Kg5) 75. Kc4 Rb1 76. Rd6+ Kg7 77. c6 Kf7 78. Kc5 Rb3 79. Rc4 Rb1 80. Rd2 Re1 81. Rd7+ Ke6 82. Rdd4 Re5+ 83. Kb6 Rb8+ 84. Kc7 Reb5 85. Re4+ Kd5 86. Kd7 Rh8 87. Rcd4+ Kc5 88. Re5+ Kxd4 89. Rxb5 {[%emt 0:00:01] White mates.} Rh7+ 90. Kc8 Kc4 91. Rg5 ({Stronger than} 91. Rb7 Rh8+ 92. Kc7 Kc5 $11) 91... Rh8+ {[%emt 0:00:00] Weighted Error Value: White=0.40/Black=0.46} 1-0

[Event "Rapid Shavuot-A 2023"]
[Site "Ramat Gan"]
[Date "2023.05.25"]
[Round "2.16"]
[White "Noy, Eyal"]
[Black "Meirovich, Ilay"]
[Result "1/2-1/2"]
[ECO "E16"]
[WhiteElo "2141"]
[BlackElo "1872"]
[Annotator "TA"]
[PlyCount "114"]
[EventDate "2023.05.19"]
[EventType "swiss"]
[EventCountry "ISR"]
[SourceTitle "playchess.com"]
[Source "ChessBase"]
[SourceQuality "1"]
[TimeControl "900+5"]

1. d4 Nf6 2. c4 e6 3. Nf3 Bb4+ 4. Bd2 a5 5. g3 b6 6. Bg2 Bb7 7. O-O O-O 8. a3 Bxd2 9. Qxd2 {[%emt 0:00:01] The modern move.} d6 10. Nc3 {[%emt 0:00:02] E16: Queen's Indian: 4 g3 Bb7 5 Bg2 Bb4+.} Nbd7 11. Qc2 e5 12. d5 {[%emt 0:00:12] [#] White is better.} c6 $146 (12... Qe7 $14) ({Predecessor:} 12... Ne8 13. b4 f5 14. Nd2 g6 15. Nb3 axb4 16. axb4 Nef6 17. Rxa8 Qxa8 18. Ra1 Qb8 {1-0 Giri,A (2764)-Javakhadze,Z (2454) Titled Tuesday intern op 16th June blitz 2020 (4)}) 13. dxc6 $1 $16 Bxc6 14. Rad1 Qe7 (14... Qc7 $14) 15. Qd2 Ne8 16. Ng5 Bxg2 17. Kxg2 Ndf6 18. Qd3 g6 19. Nb5 {[%emt 0:00:53] White is much more active. The black rooks are badly placed.} (19. f3 $16) 19... Rd8 $14 20. Qf3 {[%emt 0:00:42] Wards off d5} d5 21. cxd5 e4 22. Qb3 Qe5 23. f4 (23. h4 $5 ) 23... exf3+ 24. Nxf3 Qxe2+ 25. Rf2 Qe4 (25... Qe7 $1 $11) 26. Nc3 $1 $36 {[%emt 0:00:45][%csl LRb6,LRe4][%mdl 2048] White is on the roll.} Qe3 {[%emt 0:00:07] [#]} 27. Re2 (27. Rd4 $1 $18) 27... Qh6 $2 (27... Qc5 $14) 28. Qxb6 $18 Nd6 {[%emt 0:00:02] Black is weak on the dark squares} 29. Qxa5 Nc4 (29... Rfe8 {is a better defense.} 30. Rde1 Nf5 31. Rxe8+ Rxe8 32. Rxe8+ Nxe8) 30. Qc5 Rc8 (30... Nd6 {was necessary.} 31. Rde1 Ng4) 31. Qd4 Nh5 (31... Ne8 $142 32. Ne4 Ncd6 33. Nxd6 Nxd6) 32. a4 (32. d6 $142 Nxd6 33. Qxd6) 32... Ng7 33. g4 {[%emt 0:00:44][%cal Bg3g4,Bg4g5][%mdl 32] Against Nf5. Black must now prevent Ne4.} Nd6 34. Qd2 Qxd2 35. Rdxd2 (35. Rexd2 $6 h5 36. gxh5 Nxh5 $16) ({Don't take} 35. Nxd2 f5 36. h3 h5 37. gxf5 Ngxf5 $18) 35... f5 36. g5 Nh5 37. Rd4 {[%emt 0:00:30] Repels Nf4+} f4 (37... Ne4 $142 38. Re3 Nf4+ 39. Kh1 Rce8 40. Nxe4 Rxe4) 38. a5 Nc4 39. d6 {[%emt 0:00:40][%cal Bd5d6,Bd6d7][%mdl 32] Strongly threatening d7.} Nxa5 40. d7 Rcd8 41. Ne5 $2 (41. Na4 $18) 41... f3+ $1 $14 42. Nxf3 {[%emt 0:00:01] And now Re1 would win.} Nf4+ $2 {[%emt 0:00:01][%mdl 8192] [#]} (42... Nc6 $14 43. Rc4 Nf4+ 44. Rxf4 Rxf4) 43. Rxf4 $1 $18 {[%emt 0:00:01][%mdl 64] Deflection} Rxf4 44. Re8+ $2 (44. Nd5) 44... Rf8 45. Rxd8 ({Much less strong is} 45. b4 $6 Rxd7 46. Rxf8+ Kxf8 $14) 45... Rxd8 {[%emt 0:00:02][%mdl 4096] Endgame [#] KRN-KNN} 46. Ne5 {[%emt 0:00:00] Ne4 would be deadly.} Nc6 $2 (46... Nb7) 47. Nxc6 Rxd7 48. Kf3 $2 (48. Nd5 $18 {White wants to mate with Nf6+.} Kg7 49. Nce7) 48... Rd2 $14 49. Na4 Rxh2 ({Black should try} 49... Rc2 $1 $14 50. Nc3 Rxb2) 50. Ke4 ({Better is} 50. b4 $16) 50... Rh4+ $15 {[%emt 0:00:05][%mdl 64] Skewer} 51. Kd5 {[%emt 0:00:04] aiming for b4.} Rxa4 {[%emt 0:00:01] KR-KN} 52. b4 Kf7 {[%emt 0:01:42] ...Ra1 is the strong threat.} 53. b5 {[%emt 0:00:04] The position is equal.} Ra1 {[%emt 0:00:17] Threatens to win with ...Rd1+.} 54. b6 (54. Ne5+ $2 Ke7 55. b6 Rb1 $19) 54... Rb1 {[%emt 0:00:02] [#]} 55. b7 Kg7 (55... Rxb7 $5 56. Nd8+ $8 Kg7 57. Nxb7 h6 $11) 56. b8=R ({But not} 56. b8=B Rb5+ 57. Ke6 Rxg5 $15) 56... Rxb8 57. Nxb8 h6 {[%emt 0:00:01] Black defended with fortune.   Weighted Error Value: White=0.47/Black=0.61} 1/2-1/2

[Event "Rapid Shavuot-A 2023"]
[Site "Ramat Gan"]
[Date "2023.05.25"]
[Round "2.17"]
[White "Uritsky, Yonathan"]
[Black "Shilon Rahav, Eliran"]
[Result "1-0"]
[ECO "B33"]
[WhiteElo "2118"]
[BlackElo "1840"]
[Annotator "TA"]
[PlyCount "67"]
[EventDate "2023.05.19"]
[EventType "swiss"]
[EventCountry "ISR"]
[SourceTitle "playchess.com"]
[Source "ChessBase"]
[SourceQuality "1"]
[TimeControl "900+5"]

1. e4 c5 2. Nf3 Nc6 3. d4 cxd4 4. Nxd4 Nf6 5. Nc3 e5 6. Ndb5 d6 7. Bg5 a6 8. Na3 b5 9. Bxf6 Qxf6 10. Nd5 Qd8 {[%emt 0:00:05] [#]} 11. Bxb5 $1 {[%emt 0:00:05][%mdl 512] B33: Sicilian: Pelikan and Sveshnikov Variations.} axb5 12. Nxb5 Qa5+ 13. c3 {[%emt 0:00:00][%mdl 1024] White has strong compensation. White is better.} Kd8 (13... Qxb5 $2 14. Nc7+ Kd8 15. Nxb5 $18) 14. a4 {[%emt 0:00:00] And now b4 would win.} Rb8 15. b4 Qa6 16. Ndc7 {[%emt 0:00:00] Excellent horsemanship.} Qb7 {[%emt 0:00:00][%cal Oc6b4] [#]} (16... Qb6 $2 17. a5 Nxa5 18. Rxa5 $18) 17. Nxd6 {[%emt 0:00:00] White is much more active.} ({White should try} 17. O-O $1 $16) 17... Bxd6 $2 {[%emt 0:00:00] Black is now going downhill.} (17... Qxc7 $15 {stays ahead.} 18. Nxf7+ {[%mdl 64] Discovered Attack (Double check), Double Attack} Ke7 19. Nxh8 g6) 18. Qxd6+ $18 Bd7 19. Nd5 Re8 20. Rd1 $40 {[%emt 0:00:00][%mdl 128] [#] b5 would be deadly. White attacks with force.} Qa7 $146 (20... Rc8 {is more resistant.} 21. Qc5 Ne7 22. Qa5+ Rc7) ({Predecessor:} 20... Rc8 21. Qc5 Rb8 22. a5 Rc8 23. Qe3 f6 24. O-O Ne7 25. Nb6 Rc7 26. Rd2 Ng6 {1-0 Blankenberg,B (2039)-Ster,P (1902) DESC T0038 email 2001}) 21. b5 Re6 22. Qf8+ Re8 23. Qxf7 Ne7 24. Nb4 (24. Qxg7 Nxd5 25. Rxd5 Rb7 26. Qf6+ (26. Qxh7 Qxa4 27. O-O Kc8 $18) (26. Rxe5 Rxe5 27. Qxe5 Qxa4 $16) 26... Kc8 $18) 24... Qb7 {[%emt 0:00:00] Wards off Nc6+} (24... Qxa4 25. Nc6+ {[%mdl 64] Deflection, Double Attack} (25. Qxg7 Qxb5 26. Rd3 Qc4 $11) 25... Kc7 26. Nxe7 Qxe4+ 27. Kf1 Rbd8) 25. O-O {[%emt 0:00:00] aiming for Na6.} (25. Qxg7 Qxe4+ 26. Kd2 (26. Kf1 Qc4+ 27. Kg1 Qb3 $11) 26... Rc8 $14) 25... Rc8 26. Rd3 {[%emt 0:00:00] Black must now prevent Rfd1.} Rc7 27. Rfd1 h6 28. c4 Rh8 29. c5 Qxe4 30. Nc6+ {[%emt 0:00:00][%mdl 64] Deflection, Double Attack. White mates.} Kc8 31. Nxe7+ Kb8 32. b6 Rb7 33. c6 Bxc6 34. Rd8+ {[%emt 0:00:00][%mdl 64] Back Rank. Beautiful play by Uritsky!   Weighted Error Value: White=0.29 (precise) /Black=0.78} 1-0